 Dungeon Crawl Stone Soup version 0.20.1-1-g8b1a95d (webtiles) character file.

1293 yevrey the Conjurer (level 8, 0/63 HPs)
             Began as a Purple Draconian Conjurer on Oct 22, 2017.
             Slain by a gnoll sergeant
             ... wielding a +4 antimagic spear
              (7 damage)
             ... on level 5 of the Dungeon.
             The game lasted 00:31:12 (8108 turns).

yevrey the Conjurer (Purple Draconian Conjurer)     Turns: 8108, Time: 00:31:13

Health: 0/63       AC:  6    Str: 11    XL:     8   Next: 30%
Magic:  0/16       EV: 12    Int: 18    God:
Gold:   352        SH:  0    Dex: 11    Spells: 4/18 levels left

rFire    + . .     SeeInvis .   u - +3 dagger (venom)
rCold    + . .     Gourm    .   (no shield)
rNeg     . . .     Faith    .   (armour unavailable)
rPois    .         Spirit   .   (helmet restricted)
rElec    .         Reflect  .   v - scarf {rC+ rF+}
rCorr    +         Harm     .   (no gloves)
MR       +....                  (no boots)
Stlth    ++........             (no amulet)
Regen    0.2/turn               s - ring of resist corrosion
MPRegen  0.2/turn               (no ring)

@: drained
A: breathe power, unfitting armour, cold-blooded, AC +6
a: Breathe Dispelling Energy


You were on level 5 of the Dungeon.
You were not hungry.

You visited 1 branch of the dungeon, and saw 6 of its levels.

You collected 352 gold pieces.

Inventory:

Hand Weapons
 u - a +3 dagger of venom (weapon)
 B - a +2 battleaxe of chopping
 C - a +0 shortbow
Missiles
 D - 49 arrows
Armour
 v - a scarf of resistance (worn)
Jewellery
 s - a ring of resist corrosion (left hand)
 w - an uncursed ring of ice {unknown}
Scrolls
 c - a scroll of enchant weapon {unknown}
 e - a scroll of magic mapping {unknown}
 g - a scroll of enchant armour
 h - a scroll of immolation {unknown}
 j - 2 scrolls of amnesia
 l - a scroll of noise {unknown}
 m - a scroll of blinking {unknown}
 p - a scroll of remove curse {unknown}
 x - 2 scrolls of identify
 y - a scroll of teleportation {unknown}
Potions
 d - 2 potions of mutation {unknown}
 i - a potion of magic {unknown}
 k - a potion of flight {unknown}
 n - a potion of ambrosia {unknown}
 o - 3 potions of heal wounds {unknown}
 q - 2 potions of invisibility {unknown}
 r - a potion of agility {unknown}
 t - a potion of curing {unknown}
 z - a potion of berserk rage {unknown}
Books
 a - a book of Conjurations

   Spells                             Type                      Level
   a - Magic Dart                     Conjuration                  1
   b - Searing Ray                    Conjuration                  2
   c - Dazzling Spray                 Conjuration/Hexes            3
   d - Fulminant Prism                Conjuration/Hexes            4
   e - Force Lance                    Conjuration/Translocation    4
   f - Iskenderun's Mystic Blast      Conjuration                  4
Comestibles
 b - a bread ration
 f - 2 meat rations
 A - a royal jelly


   Skills:
 + Level 3.4(2.5) Fighting
 + Level 3.4(2.5) Short Blades
 - Level 2.1(1.2) Dodging
 - Level 2.0(1.2) Stealth
 + Level 2.8(1.9) Unarmed Combat
 + Level 5.9(4.9) Spellcasting
 + Level 6.7(5.7) Conjurations
 * Level 3.2(2.4) Hexes


You had 4 spell levels left.
You knew the following spells:

 Your Spells              Type           Power        Failure   Level  Hunger
a - Magic Dart            Conj           ####         1%          1    None
b - Searing Ray           Conj           ####..       1%          2    #......
c - Dazzling Spray        Conj/Hex       ###...       8%          3    ###....
d - Iskenderun's Mystic   Conj           ####....     12%         4    ####...
e - Fulminant Prism       Conj/Hex       ###.......   24%         4    ####...


Dungeon Overview and Level Annotations

Branches:
Dungeon (6/15)
 Temple: D:4-7

Altars:
Elyvilon
Kikubaaqudgha
Trog


Innate Abilities, Weirdness & Mutations

You can breathe bolts of dispelling energy.
Your rich purple scales are hard. (AC +6)
You cannot fit into any form of body armour.
You are cold-blooded and may be slowed by cold attacks.


Message History

Confirm with . or Enter, or press ? or * to list all spells.
You don't have enough magic to cast that spell.
Unknown command.
Okay, then.
Casting: Searing Ray
Confirm with . or Enter, or press ? or * to list all spells.
Aiming: Magic Dart
Press: ? - help, Shift-Dir - straight line, f/p - gnoll sergeant
Aim: a gnoll sergeant, wielding an antimagic spear and wearing a ring mail (almost dead)
The magic dart hits the gnoll sergeant.
The gnoll sergeant is almost dead.
The gnoll sergeant hits you from afar with an antimagic spear!
* * * LOW HITPOINT WARNING * * *
The gnoll sergeant hits you with an antimagic spear!
* * * LOW HITPOINT WARNING * * *
You hit the gnoll sergeant but do no damage.
The gnoll sergeant is poisoned.
The gnoll sergeant is almost dead.
The gnoll sergeant hits you with an antimagic spear!
You die...

# #<...........# #.# #
###.#.#.####.#####.# ##
#.#.#.##.......... .#
#................# .#
####.....##.......... '###
#......#.##.#...###.. ...#
#.##.#.#.##.#.#.# #.. ...#######
#.##.#.#.#......# #..
...##....####.##@#.#.#..#...###..
....'....+.....>g................
..###....#.##.##[#.#.#.##...###..
#.##...................##...# #..
#.########.....#.#.#.#.##...# #.#
#.# #.....#.#.#)#.##...###.# #.#
#.....#.#.#............. #.#
#.....#.#.........####.#
#.########.....#.###.#.##.## #.#


You could see a gnoll sergeant.

Vanquished Creatures
  A phantom (D:4)
  2 ogres (D:3)
  A centaur (D:5)
  3 scorpions (D:5)
  3 wights
  A crimson imp (D:4)
  A gnoll shaman (D:5)
  A hound (D:5)
  A jelly (D:5)
  2 orc wizards (D:5)
  Jessica (D:3)
  2 iguanas
  6 worker ants
  2 hound zombies
  9 adders
  7 gnolls
  A shadow imp (D:5)
  2 worms (D:3)
  2 dart slugs
  4 leopard geckos
  6 orcs
  5 bats
  A bat zombie (D:2)
  3 giant cockroaches
  4 goblins
  10 hobgoblins
  14 jackals
  4 kobolds
  5 quokkas
  3 ball pythons
  A ball python skeleton (D:5)
  4 frilled lizards
  A jackal skeleton (D:4)
  2 leopard gecko skeletons
  7 rats
122 creatures vanquished.

Vanquished Creatures (others)
  14 fulminant prisms
14 creatures vanquished.

Grand Total: 136 creatures vanquished

Notes
Turn   | Place    | Note
-------+----------+-------------------------------------------
     0 | D:1      | yevrey the Draconian Conjurer began the quest for the Orb.
     0 | D:1      | Reached XP level 1. HP: 14/14 MP: 3/3
   420 | D:2      | Reached XP level 2. HP: 20/20 MP: 0/5
   424 | D:2      | Learned a level 2 spell: Searing Ray
  1158 | D:2      | Found a bloodstained altar of Trog.
  1188 | D:2      | Reached XP level 3. HP: 14/26 MP: 1/6
  1311 | D:2      | Learned a level 3 spell: Dazzling Spray
  2145 | D:2      | Found an ancient bone altar of Kikubaaqudgha.
  2213 | D:3      | Noticed Jessica
  2546 | D:3      | Killed Jessica
  2546 | D:3      | Reached XP level 4. HP: 34/34 MP: 3/8
  2827 | D:3      | Reached skill level 1 in Unarmed Combat
  2909 | D:3      | Reached skill level 1 in Fighting
  2925 | D:3      | Noticed an ogre
  2969 | D:3      | Killed an ogre
  2969 | D:3      | Reached skill level 5 in Conjurations
  2969 | D:3      | Reached XP level 5. HP: 33/40 MP: 0/9
  2975 | D:3      | Learned a level 4 spell: Iskenderun's Mystic Blast
  3369 | D:3      | Noticed an ogre
  3376 | D:3      | Killed an ogre
  3376 | D:3      | Reached XP level 6. HP: 47/47 MP: 1/11
  4320 | D:5      | Entered Level 5 of the Dungeon
  4657 | D:5      | Reached skill level 1 in Short Blades
  4657 | D:5      | Reached skill level 6 in Conjurations
  4657 | D:5      | Your scales start taking on a rich purple colour.
  4657 | D:5      | Reached XP level 7. HP: 48/55 MP: 14/14
  4714 | D:5      | Reached skill level 5 in Spellcasting
  4884 | D:5      | Reached skill level 1 in Hexes
  5681 | D:4      | Learned a level 4 spell: Fulminant Prism
  7044 | D:5      | Reached XP level 8. HP: 57/63 MP: 16/16
  7053 | D:5      | Found a white marble altar of Elyvilon.
  8108 | D:5      | Slain by a gnoll sergeant

Skill      XL: |  1  2  3  4  5  6  7  8 |
---------------+-------------------------+-----
Stealth        | 2 |  2.0
Dodging        | 2 |  2.1
Unarmed Combat | 1 2 |  2.8
Fighting       | 1 2 3 |  3.4
Spellcasting   | 3 4 5 |  5.9
Conjurations   | 5 6 |  6.7
Short Blades   | 1 2 3 |  3.4
Hexes          | 2 3 |  3.2

Action                   |  1- 3 |  4- 6 |  7- 9 || total
-------------------------+-------+-------+-------++-------
Melee: Unarmed           |    96 |    27 |       ||   123
       Tailslap          |    12 |     9 |    14 ||    35
       Punch             |     1 |     1 |     1 ||     3
       Dagger            |       |    72 |   151 ||   223
Throw: Throwing net      |       |     2 |       ||     2
 Cast: Magic Dart        |    71 |    39 |    23 ||   133
       Dazzling Spray    |     3 |       |     5 ||     8
       Searing Ray       |     2 |    12 |     5 ||    19
       Iskenderun's Myst |       |     1 |    12 ||    13
       Fulminant Prism   |       |       |    14 ||    14
  Use: Scroll            |       |     6 |       ||     6
 Stab: Sleeping          |     2 |     3 |       ||     5
       Invisible         |       |       |     1 ||     1
  Eat: Chunk             |     1 |     4 |     4 ||     9
       Meat ration       |     1 |       |     1 ||     2
       Bread ration      |     1 |       |     1 ||     2
       Royal jelly       |       |       |     1 ||     1
Armor: Skin              |    37 |    31 |    42 ||   110
Dodge: Dodged            |    97 |    64 |   110 ||   271
